 Dungeon Crawl Stone Soup version 0.31-a0-102-g33a4ccc0cb (webtiles) character file.

Game seed: 17139249186882246702

1522 Sobieck the Destroyer (level 8, -5/41 HPs)
             Began as a Deep Elf Conjurer on May 26, 2023.
             Was an Initiate of Sif Muna.
             Slain by Duvessa
             ... wielding a +0 short sword
              (7 damage)
             ... on level 4 of the Dungeon.
             The game lasted 00:10:48 (6896 turns).

Sobieck the Destroyer (Deep Elf Conjurer)           Turns: 6896, Time: 00:10:48

Health: -5/41      AC:  5    Str:  4    XL:     8   Next: 54%
Magic:  4/21       EV: 12    Int: 26    God:    Sif Muna [......]
Gold:   271        SH:  0    Dex: 13    Spells: 11/22 levels left

rFire   + + .        (no weapon)
rCold   . . .        (no shield)
rNeg    . . .        m - +2 robe of Day {Contam rElec rF++ SInv}
rPois   .            (no helmet)
rElec   +            (no cloak)
rCorr   .            i - +0 pair of gloves
SInv    +            (no boots)
Will    .....        (no amulet)
Stlth   ++           (no ring)
HPRegen 0.26/turn    (no ring)
MPRegen 0.17/turn

%: no passive effects
@: no status effects
A: no striking features
a: Renounce Religion


You were on level 4 of the Dungeon.
You worshipped Sif Muna.
Sif Muna was noncommittal.
You visited 2 branches of the dungeon, and saw 7 of its levels.

You collected 271 gold pieces.

Inventory:

Armour
 a - a +0 robe
 c - the +3 ring mail of Baldness {Dex+3}
   (You took it off a goblin on level 4 of the Dungeon)

   Dex:       It affects your dexterity (+3).
 h - the +0 leather armour "Siafod" {Rampage Str+6 Stlth+}
   (You found it on level 2 of the Dungeon)

   Str:       It affects your strength (+6).
   Rampage:   It bestows one free step when moving towards enemies.
   Stlth:     It makes you more stealthy.
 i - a +0 pair of gloves (worn)
 m - the +2 robe of Day (worn) {Contam rElec rF++ SInv}
   (You found it on level 2 of the Dungeon)

   rF:        It greatly protects you from fire.
   rElec:     It insulates you from electricity.
   SInv:      It lets you see invisible.
   Contam:    It causes magical contamination when unequipped.
 q - a +0 cloak
Wands
 r - a wand of mindburst (16)
Scrolls
 j - a scroll of blinking {unknown}
 k - a scroll of immolation
 p - a scroll of amnesia {unknown}
 M - a scroll of magic mapping
 T - a scroll of teleportation
Potions
 b - a potion of magic
 d - 2 potions of mutation
 e - a potion of enlightenment {unknown}
 f - a potion of lignification {unknown}
 g - 2 potions of heal wounds
 l - 2 potions of resistance
 n - a potion of experience {unknown}
 o - a potion of invisibility {unknown}
 u - 2 potions of brilliance
 w - a potion of attraction {unknown}
 Q - 4 potions of curing


   Skills:
 - Level 2.4 Dodging
 - Level 2.4 Stealth
 + Level 7.8 Spellcasting
 - Level 9.0 Conjurations
 + Level 6.9 Hexes
 + Level 1.9 Translocations


You had 11 spell levels left.
You knew the following spells:

 Your Spells              Type           Power      Damage    Failure   Level
a - Magic Dart            Conj           100%       1d8       1%          1
b - Searing Ray           Conj           100%       2d8       1%          2
c - Fulminant Prism       Conj/Hex       23%        3d12      3%          4
d - Iskenderun's Mystic   Conj/Tloc      33%        2d8       9%          4

Your spell library contained the following spells:

 Spells                   Type           Power      Damage    Failure   Level
 Dazzling Flash           Conj/Hex       92%        N/A       1%          3
 Portal Projectile        Hex/Tloc       56%        N/A       4%          3
 Sting                    Tmut/Pois      20%        1d4       9%          1
 Poisonous Vapours        Pois/Air       10%        N/A       13%         2
 Call Canine Familiar     Summ           10%        N/A       17%         3
 Leda's Liquefaction      Hex/Erth       11%        N/A       21%         4
 Olgreb's Toxic Radiance  Pois           10%        N/A       50%         4


Dungeon Overview and Level Annotations

Branches:
Dungeon (6/15)             Temple (1/1) D:6

Altars:
Ashenzari
Cheibriados
Elyvilon
Fedhas
Gozag
Hepliaklqana
Makhleb
Nemelex Xobeh
Okawaru
Ru
Sif Muna
Trog
Uskayaw
Wu Jian
Xom
Yredelemnul
Zin
The Shining One

Annotations:
D:4 Duvessa


Message History

You hear an explosion!
There is a stone staircase leading down here.
Danger!
Casting: Fulminant Prism (dangerous; 3% risk of failure)
Confirm with . or Enter, or press ? or * to list all spells.
Aiming: Fulminant Prism (dangerous; 3% risk of failure)
Press: ? - help, Dir - move target You conjure a prism of explosive energy!
A fulminant prism comes into view.
Duvessa hits your fulminant prism with a +0 short sword!
Duvessa hits your fulminant prism with a +0 short sword.
Your fulminant prism crackles loudly.
Duvessa hits your fulminant prism with a +0 short sword!
Your fulminant prism explodes!
The blast of energy engulfs Duvessa!
Duvessa is moderately wounded.
Casting: Fulminant Prism (dangerous; 3% risk of failure)
Confirm with . or Enter, or press ? or * to list all spells.
Aiming: Fulminant Prism (dangerous; 3% risk of failure)
Press: ? - help, Dir - move target You conjure a prism of explosive energy!
A fulminant prism comes into view.
Duvessa hits your fulminant prism with a +0 short sword!
Your fulminant prism detonates feebly.
Duvessa rages.
Casting: Fulminant Prism (dangerous; 3% risk of failure)
Confirm with . or Enter, or press ? or * to list all spells.
Aiming: Fulminant Prism (dangerous; 3% risk of failure)
Press: ? - help, Dir - move target You conjure a prism of explosive energy!
A fulminant prism comes into view.
Duvessa rages.
Duvessa hits you with a +0 short sword.
Your fulminant prism crackles loudly.
Duvessa attacks as you move away!
Duvessa hits you with a +0 short sword. x2
Your fulminant prism explodes!
The blast of energy engulfs you!!
* * * LOW HITPOINT WARNING * * *
The blast of energy engulfs Duvessa!!
Duvessa is severely wounded.
Casting: Fulminant Prism (dangerous; 3% risk of failure)
Confirm with . or Enter, or press ? or * to list all spells.
Aiming: Fulminant Prism (dangerous; 3% risk of failure)
Press: ? - help, Dir - move target You conjure a prism of explosive energy!
A fulminant prism comes into view.
Duvessa hits you with a +0 short sword.
* * * LOW HITPOINT WARNING * * *
Duvessa attacks as you move away! Duvessa hits you with a +0 short sword!
You die...

#.......#......#...............
#.......##.###.................
#.......##..###................
#.......###.# ##...............
#.......# #.# #...............
#.......# #.## #..............#
#.......# #..###.#.....#...(.##
##.#..#####......#############
####.##..#....#.@e.######
...#.###.)<######..*....###
......[.[..# ##.####...##
......####.#######.# ###>.##
......>.........##.# ##..####
.....#.##.......##.# ####....#
....##.##.......##.#####...###.##
........#..<...........e*#..#*...
.....#...........................


You could see Duvessa (berserk, ally target) and a friendly fulminant prism.

Vanquished Creatures
  A troll (D:5)
  2 water moccasins (D:6)
  An ice beast (D:6)
  3 black bears
  An ogre (D:5)
  2 scorpions (D:5)
  Dowan (D:4)
  2 jellies (D:6)
  An orc priest (D:5)
  A hound (D:5)
  2 sleepcaps
  Ijyb (D:3)
  An iguana (D:5)
  An orc wizard (D:4)
  Terence (D:2)
  6 adders
  2 white imps (D:6)
  An ufetubus (D:5)
  A dart slug (D:5)
  24 orcs
  9 ball pythons
  7 bats
  8 endoplasms
  4 giant cockroaches
  7 goblins
  13 hobgoblins
  8 jackals
  5 kobolds
  7 quokkas
  4 frilled lizards
  8 rats
135 creatures vanquished.

Vanquished Creatures (others)
  16 fulminant prisms
16 creatures vanquished.

Grand Total: 151 creatures vanquished

Notes
Turn   | Place    | Note
-------+----------+-------------------------------------------
     0 | D:1      | Sobieck the Deep Elf Conjurer began the quest for the Orb.
     0 | D:1      | Reached XP level 1. HP: 10/10 MP: 6/6
   267 | D:1      | Reached skill level 1 in Hexes
   267 | D:1      | Reached XP level 2. HP: 15/15 MP: 5/8
   586 | D:1      | Learned a level 2 spell: Searing Ray
   704 | D:1      | Reached skill level 5 in Conjurations
   874 | D:1      | Reached XP level 3. HP: 19/19 MP: 8/10
  1056 | D:2      | Identified the +0 leather armour "Siafod" {Rampage Str+6
                  | Stlth+}
  1228 | D:2      | Found a faded altar of an unknown god.
  1418 | D:2      | Identified the +2 robe of Day {Contam rElec rF++ SInv}
  1418 | D:2      | Noticed Terence
  1467 | D:2      | Killed Terence
  1468 | D:2      | Reached XP level 4. HP: 14/24 MP: 2/11
  1769 | D:2      | You fall into a shaft and drop 1 floor!
  1954 | D:3      | Noticed Ijyb
  1962 | D:3      | Killed Ijyb
  2541 | D:3      | Learned a level 4 spell: Fulminant Prism
  2546 | D:3      | Learned a level 4 spell: Iskenderun's Mystic Blast
  2804 | D:3      | Reached XP level 5. HP: 28/28 MP: 9/13
  3037 | D:4      | Reached skill level 3 in Hexes
  3091 | D:4      | Reached skill level 6 in Conjurations
  3404 | D:4      | Identified the +3 ring mail of Baldness {Dex+3}
  3716 | D:4      | Noticed Dowan
  3852 | D:5      | Entered Level 5 of the Dungeon
  3898 | D:5      | Found a sparkling altar of Nemelex Xobeh.
  3916 | D:5      | Noticed a troll
  3932 | D:5      | Killed a troll
  3933 | D:5      | Reached skill level 7 in Conjurations
  3933 | D:5      | Reached XP level 6. HP: 29/32 MP: 3/16
  4065 | D:4      | Noticed Duvessa
  4092 | D:4      | Killed Dowan
  4093 | D:4      | Reached XP level 7. HP: 31/36 MP: 3/17
  4405 | D:5      | Found a white marble altar of Elyvilon.
  4497 | D:5      | Reached skill level 6 in Spellcasting
  4724 | D:5      | Reached skill level 8 in Conjurations
  5558 | D:6      | Reached skill level 6 in Hexes
  5558 | D:6      | Reached XP level 8. HP: 41/41 MP: 13/20
  5645 | D:6      | Reached skill level 9 in Conjurations
  5734 | D:6      | Reached skill level 1 in Translocations
  6216 | D:6      | Found a staircase to the Ecumenical Temple.
  6234 | Temple   | Entered the Ecumenical Temple
  6551 | Temple   | Became a worshipper of Sif Muna the Loreminder
  6895 | D:4      | HP: 2/41 [Duvessa/+0 short sword (6)]
  6896 | D:4      | Slain by Duvessa

Illustrated notes

Levels and vault maps discovered:
D:1:      dpeg_arrival_boxorama, layout_basic
D:2:      layout_basic, chequers_ecumenical_altar_simple_redux,
          serial_bayou_lake_a, uniq_terence
D:3:      layout_rooms, nicolae_figureground_sparkle, uniq_ijyb
D:4:      layout_rooms, minmay_fractal_squares_5, uniq_duvessa
D:5:      nicolae_cairo_tiling, layout_basic, mainiacjoe_overflow_chevrons,
          kennysheep_mini_moat, chequers_serial_rivers_large_a,
          amcnicky_mini_rare_corridor_liquid
D:6:      layout_basic, minmay_temple_entry_offerings
Temple:   compressed_dpeg_triangle_lava_temple

Skill      XL: |  1  2  3  4  5  6  7  8 |
---------------+-------------------------+-----
Hexes          | 1 2 4 6 |  6.9
Conjurations   | 5 7 8 9 |  9.0
Spellcasting   | 4 5 6 7 |  7.8
Translocations | 1 |  1.9
Dodging        | |  2.4
Stealth        | |  2.4

Action                     |  1- 3 |  4- 6 |  7- 9 || total
---------------------------+-------+-------+-------++-------
   Cast: Magic Dart        |    78 |   106 |    48 ||   232
         Searing Ray       |     3 |     7 |    17 ||    27
         Fulminant Prism   |       |     9 |     8 ||    17
    Use: Scroll            |       |    11 |     4 ||    15
 Armour: Robe              |     5 |     1 |    11 ||    17
  Dodge: Dodged            |     4 |     3 |    18 ||    25

Table legend: (Time is in decaauts)
 A = Elapsed time spent in this place.
 B = Non-inter-level travel time spent in this place.
 C = Inter-level travel time spent in this place.
 D = Time resting spent in this place.
 E = Time spent auto-exploring this place.
 F = Levels seen in this place.
 G = Mean time per level.
                   A        B        C        D        E       F      G
               +--------+--------+--------+--------+--------+-----+--------+
         Total |   6947 |   6732 |    215 |    948 |   4940 |   7 |  992.4 |
       Dungeon |   6622 |   6432 |    190 |    948 |   4659 |   6 | 1103.7 |
        Temple |    325 |    300 |     25 |      0 |    281 |   1 |  325.0 |
               +--------+--------+--------+--------+--------+-----+--------+

Top non-repeatable levels by time:
     D:6: 1322 daAuts
     D:5: 1207 daAuts
     D:3: 1166 daAuts
     D:2: 1054 daAuts
     D:1: 1047 daAuts
     D:4: 823 daAuts
  Temple: 325 daAuts
